 Dungeon Crawl Stone Soup version 0.22-a0-858-g985ef60 (webtiles) character file.

948 tatocazan the Cleaver (level 7, -10/85 HPs)
             Began as a Minotaur Berserker on July 27, 2018.
             Was a Priest of Trog.
             Mangled by a gnoll sergeant
             ... wielding a +2 spear of distortion
              (20 damage)
             ... on level 6 of the Dungeon.
             The game lasted 00:11:50 (5609 turns).

tatocazan the Cleaver (Minotaur Berserker)          Turns: 5609, Time: 00:11:50

Health: -10/85     AC: 15    Str: 26    XL:     7   Next: 89%
Magic:  6/6        EV:  7    Int:  4    God:    Trog [***...]
Gold:   260        SH:  0    Dex: 12    Spells: 6/6 levels left

rFire    . . .     SeeInvis .   a - +0 hand axe
rCold    . . .     Gourm    .   (no shield)
rNeg     . . .     Faith    .   u - +0 plate armour
rPois    .         Spirit   .   (helmet restricted)
rElec    .         Reflect  .   k - +2 cloak
rCorr    .         Harm     .   (no gloves)
MR       .....                  B - +0 pair of boots
Stlth    ..........             y - amulet of the acrobat
HPRegen  0.24/turn              (no ring)
MPRegen  0.10/turn              (no ring)

@: berserking, very quick
A: retaliatory headbutt, horns 2
a: Berserk, Trog's Hand, Renounce Religion


You were on level 6 of the Dungeon.
You worshipped Trog.
Trog was most pleased with you.
You were near starving.

You visited 1 branch of the dungeon, and saw 6 of its levels.

You collected 260 gold pieces.

Inventory:

Hand Weapons
 a - a +0 hand axe (weapon)
Missiles
 H - 6 javelins (quivered)
Armour
 b - a +0 animal skin
 g - a +0 ring mail
 k - a +2 cloak (worn)
 u - a +0 plate armour (worn)
 B - a +0 pair of boots (worn)
Jewellery
 y - an amulet of the acrobat (around neck)
Wands
 D - a wand of enslavement (16)
 I - a wand of flame (19)
Scrolls
 e - 7 scrolls of identify
 h - a scroll of blinking {unknown}
 i - 4 scrolls of remove curse {unknown}
 j - 2 scrolls of enchant weapon {unknown}
 l - a scroll of fear {unknown}
 q - a scroll of random uselessness {unknown}
 r - 2 scrolls of magic mapping {unknown}
 t - 2 scrolls of fog
 x - 3 scrolls of immolation {unknown}
 z - 2 scrolls of amnesia {unknown}
 C - a scroll of teleportation {unknown}
 E - a scroll of noise {unknown}
 G - a scroll of enchant armour {unknown}
Potions
 d - 2 potions of heal wounds {unknown}
 f - 2 potions of curing {unknown}
 m - 3 potions of might
 n - a potion of agility {unknown}
 o - a potion of haste {unknown}
 p - a potion of brilliance {unknown}
 s - a potion of resistance {unknown}
 w - 2 potions of cancellation {unknown}
 A - 2 potions of berserk rage {unknown}
 F - 2 potions of lignification {unknown}
Comestibles
 c - 14 rations


   Skills:
 - Level 3.6 Fighting
 + Level 11.2 Axes
 - Level 2.4 Armour
 - Level 2.1 Dodging


You had 6 spell levels left.
You didn't know any spells.
Your spell library was empty.

Dungeon Overview and Level Annotations

Branches:
Dungeon (6/15)
 Temple: D:4-7

Altars:
Dithmenos
Hepliaklqana
Makhleb
Ru
Vehumet
Xom
Zin


Innate Abilities, Weirdness & Mutations

You reflexively headbutt those who attack you in melee.
You have a pair of horns on your head.


Message History

The gnoll hits you from afar with a spear.
* * * LOW HITPOINT WARNING * * *
You hit the gnoll sergeant.
The gnoll sergeant is severely wounded.
The gnoll sergeant hits you with a spear of distortion.
* * * LOW HITPOINT WARNING * * *
The gnoll barely misses you.
You slash the gnoll sergeant!
The gnoll sergeant is almost dead.
You closely miss the gnoll sergeant.
Your headbutt misses the gnoll sergeant.
The gnoll sergeant is almost dead.
The gnoll sergeant closely misses you. The gnoll hits you but does no damage.
A red film seems to cover your vision as you go berserk!
You feel yourself moving faster!
You feel mighty!
You are near starving!
The gnoll hits you but does no damage.
The gnoll sergeant hits you but does no damage.
Space warps horribly around you!
You die...

#..# #...# ...# #######.#.#
###. ...###.......#.#####....
#+..####....>#.)†......#######
....####.....###.............#
..._#2######..##gg.<.........
....### ##.##g####.......
#'.###### #.##g##........##
...# #..# #.##@...#.......#####
...#
#..#####.#.#..#.............
#..###...##...####'####....#
#...........####...#....##.#
..#
#######.#.####_..####...##.#
#.# #.#...##...#####...#.####..
#.#..##..._#Y# ..#.........
#####.....#.#####.#.####.......
#...#.##..'.##Y#§#######..#.##.


You could see a gnoll sergeant and 3 gnolls.

Vanquished Creatures
  A centaur (D:5)
  3 ogres
  A scorpion (D:4)
  A howler monkey (D:4)
  A bullfrog zombie (D:5)
  A hound (D:6)
  3 orc wizards
  An orc priest (D:4)
  A bullfrog skeleton (D:4)
  An iguana (D:6)
  A killer bee zombie (D:5)
  6 gnolls (D:6)
  A howler monkey skeleton (D:5)
  7 adders
  2 oozes
  2 adder skeletons (D:4)
  7 worms
  2 dart slugs (D:1)
  9 leopard geckos
  14 orcs
  4 bats
  10 giant cockroaches
  6 goblins
  6 hobgoblins
  3 jackals
  4 kobolds
  2 quokkas
  A ball python (D:4)
  3 frilled lizards
  A leopard gecko zombie (D:6)
  4 rats
109 creatures vanquished.

Notes
Turn   | Place    | Note
-------+----------+-------------------------------------------
     0 | D:1      | tatocazan the Minotaur Berserker began the quest for the Orb.
     0 | D:1      | Reached XP level 1. HP: 19/19 MP: 0/0
    29 | D:1      | Reached skill level 4 in Axes
   129 | D:1      | Reached XP level 2. HP: 18/26 MP: 1/1
   688 | D:1      | Reached skill level 5 in Axes
   995 | D:2      | Reached XP level 3. HP: 20/31 MP: 2/2
  1089 | D:2      | Found a faded altar of an unknown god.
  1254 | D:2      | Reached ** piety under Trog
  1492 | D:2      | Found a radiant altar of Vehumet.
  1690 | D:2      | Found a sacrificial altar of Ru.
  1728 | D:2      | Reached XP level 4. HP: 39/39 MP: 3/3
  1735 | D:2      | Reached skill level 6 in Axes
  2805 | D:4      | Reached skill level 7 in Axes
  2805 | D:4      | Reached XP level 5. HP: 39/45 MP: 4/4
  2927 | D:4      | Noticed an ogre
  2934 | D:4      | Killed an ogre
  2934 | D:4      | Reached skill level 8 in Axes
  2934 | D:4      | Reached XP level 6. HP: 51/51 MP: 5/5
  3382 | D:4      | Reached skill level 9 in Axes
  3827 | D:5      | Entered Level 5 of the Dungeon
  3876 | D:5      | Reached XP level 7. HP: 44/57 MP: 6/6
  4049 | D:5      | Reached skill level 10 in Axes
  4917 | D:6      | Found a hazy altar of Hepliaklqana.
  4918 | D:6      | Found a shimmering altar of Xom.
  4918 | D:6      | Noticed a yak
  4919 | D:6      | Noticed a yak
  4919 | D:6      | Noticed a spectral ugly thing
  4951 | D:6      | Reached *** piety under Trog
  5007 | D:6      | Reached skill level 11 in Axes
  5533 | D:6      | Found a shadowy altar of Dithmenos.
  5542 | D:6      | Found a burning altar of Makhleb.
  5548 | D:6      | Noticed a blizzard demon
  5550 | D:6      | Found a glowing silver altar of Zin.
  5550 | D:6      | Noticed an angel
  5609 | D:6      | Mangled by a gnoll sergeant

Vault maps used:
D:1:      ebering_trefoil_3fold, serial_park_tiny_1
D:2:      nicolae_overflow_crystal_walls, nicolae_ru_sacrificial_ziggurat,
          chequers_ecumenical_altar_simple
D:3:      first_ration, st_stairs_13, hangedman_decor_points, hex_tiny,
          hangedman_abyss_or_decor_lesser_grid
D:5:      gup_sewer_entry_spiral
D:6:      grunt_temple_overflow_order_and_chaos_2,
          regret_index_temple_of_mockery, kennysheep_mini

Skill      XL: |  1  2  3  4  5  6  7 |
---------------+----------------------+-----
Axes           | 4 5 7 8 9 11 | 11.2
Fighting       | |  3.6
Armour         | |  2.4
Dodging        | |  2.1

Action                   |  1- 3 |  4- 6 |  7- 9 || total
-------------------------+-------+-------+-------++-------
Melee: Hand axe          |    87 |   114 |   118 ||   319
       Headbutt          |    15 |    28 |    29 ||    72
Throw: Javelin           |       |       |     5 ||     5
Invok: Trog's Hand       |     1 |       |       ||     1
       Berserk           |       |     1 |     2 ||     3
  Use: Scroll            |       |     2 |       ||     2
  Eat: Chunk             |     3 |     8 |     5 ||    16
Armor: Animal skin       |     2 |       |       ||     2
       Ring mail         |    20 |    13 |       ||    33
       Plate armour      |       |    49 |    60 ||   109
Dodge: Dodged            |    35 |    41 |    42 ||   118

Table legend:
 A = Spawn XP
 B = Non-spawn XP
 C = Spawn XP percentage of total XP
 D = Spawn monster count
 E = Non-spawn monster count
 F = Spawn count percentage of total count
 G = Total turns spent on level
                    A         B        C        D         E        F      G
               +---------+---------+-------+---------+---------+-------+---------
         Total |       0 |    1355 |   0.0 |       0 |     109 |   0.0 |  5609
               +---------+---------+-------+---------+---------+-------+---------
           D:1 |       0 |      39 |   0.0 |       0 |      17 |   0.0 |   988
           D:2 |       0 |      92 |   0.0 |       0 |      25 |   0.0 |  1075
           D:3 |       0 |      10 |   0.0 |       0 |       5 |   0.0 |   705
           D:4 |       0 |     591 |   0.0 |       0 |      22 |   0.0 |  1059
           D:5 |       0 |     246 |   0.0 |       0 |      17 |   0.0 |  1059
           D:6 |       0 |     377 |   0.0 |       0 |      23 |   0.0 |   723
               +---------+---------+-------+---------+---------+-------+---------
